 Dungeon Crawl Stone Soup version 0.19-a0-994-g3c636f0 (webtiles) character file.

1172 matakusis the Ducker (level 8, -1/62 HPs)
             Began as a Demonspawn Gladiator on July 16, 2016.
             Was an Initiate of Hepliaklqana.
             Slain by an ice beast (4 damage)
             ... on level 5 of the Dungeon.
             The game lasted 00:14:30 (5376 turns).

matakusis the Ducker (Demonspawn Gladiator)         Turns: 5376, Time: 00:14:32

Health: -1/62      AC:  8    Str: 14    XL:     8   Next: 18%
Magic:  0/20       EV: 15    Int:  8    God:    Hepliaklqana [......]
Gold:   325        SH:  0    Dex: 15    Spells: 0 memorised, 12 levels left

rFire  . . .     SeeInvis .     a - +0 long sword
rCold  . . .     Gourm    .     b - +0 leather armour
rNeg   . . .     Faith    .     (no shield)
rPois  .         Spirit   +     c - +0 helmet
rElec  .         Dismiss  .     (no cloak)
rCorr  .         Reflect  .     (no gloves)
SustAt .         Harm     .     (no boots)
MR     +....                    (no amulet)
Stlth  +.........               r - ring of magical power
                                d - ring of protection from magic

@: somewhat resistant to hostile enchantments, very unstealthy
A: talons 1, iridescent scales 1, dopey 1, weak 1, magic shield, magic
regeneration
a: Recall Ancestor, Ancestor Identity, Renounce Religion


You were on level 5 of the Dungeon.
You worshipped Hepliaklqana.
Hepliaklqana was noncommittal.
You were not hungry.

You visited 2 branches of the dungeon, and saw 6 of its levels.
You also visited: Sewer.

You collected 325 gold pieces.

Inventory:

Hand Weapons
 a - a +0 long sword (weapon)
Armour
 b - a +0 leather armour (worn)
 c - a +0 helmet (worn)
 y - a +1 large shield
Jewellery
 d - a ring of protection from magic (left hand)
 k - a +3 ring of intelligence
 r - a ring of magical power (right hand)
 v - an uncursed ring of wizardry
Wands
 l - a wand of flame (31/48)
Scrolls
 e - 3 scrolls of remove curse
 h - a scroll of blinking
 o - a scroll of identify
Potions
 g - a potion of invisibility
 i - 3 potions of haste
 j - a potion of agility
 m - 2 potions of might
 n - 2 potions of degeneration {unknown}
 p - a potion of mutation
Books
 s - a book of Geomancy

   Spells                             Type                      Level
   a - Sandblast                      Earth                        1
   b - Passwall                       Transmutation/Earth          2
   c - Stone Arrow                    Conjuration/Earth            3
   d - Petrify                        Transmutation/Earth          4
   e - Lee's Rapid Deconstruction     Earth                        5
Comestibles
 f - 6 bread rations
 x - 2 meat rations


   Skills:
 * Level 5.1 Fighting
 + Level 4.5 Long Blades
 - Level 1.7 Throwing
 + Level 6.1 Dodging
 * Level 2.2 Shields
 * Level 2.5 Spellcasting


You had 12 spell levels left.
You didn't know any spells.

Dungeon Overview and Level Annotations

Branches:
Dungeon (5/15)             Temple (1/1) D:4

Altars:
Ashenzari
Cheibriados
Dithmenos
Elyvilon
Fedhas
Gozag
Hepliaklqana
Kikubaaqudgha
Makhleb
Nemelex Xobeh
Pakellas
Qazlal
Sif Muna
Uskayaw
Vehumet
Xom
Yredelemnul
Zin
The Shining One

Shops:
D:3 }


Innate Abilities, Weirdness & Mutations

You are partially covered in iridescent scales. (AC +4)
When hurt, damage is shared between your health and your magic reserves.
You regenerate magic rapidly.
You have sharp toenails.
You are dopey. (Int -2)
You are weak. (Str -2)


Message History

Lucius closely misses the ice beast.
The ice beast hits you.
* * * LOW HITPOINT WARNING * * *
The ice beast freezes you!
* * * LOW HITPOINT WARNING * * *
Lucius hits the ice beast but does no damage.
The ice beast hits Lucius but does no damage.
Lucius barely misses the ice beast.
The ice beast barely misses Lucius.
Lucius barely misses the ice beast.
The ice beast hits Lucius.
The ice beast freezes Lucius.
Lucius resists.
Lucius hits the ice beast.
The ice beast hits Lucius.
The ice beast freezes Lucius.
Lucius resists.
You barely miss the ice beast.
You claw the ice beast, but do no damage.
The ice beast is severely wounded.
Lucius barely misses the ice beast.
The ice beast hits you.
* * * LOW HITPOINT WARNING * * *
The ice beast freezes you!
You die...

.. #......##.###...
#.........##....
#...............
###..##.#...#..# #
#######............. #.#
###.........##....(...
#...##.....................
#....................._....
.......>RY@.(.......#####..
....###..#..........#A..#..
# #.##......)...#...#..
#.###.##.#.#..#...#..
..##..#.......#####..
#####.##....>...._.... #.
#...........[.. #.
#.......###.#.. #.
#...........#..


You could see the friendly Lucius the ancestor and an ice beast.

Vanquished Creatures
  Sigmund (D:4)
  A necrophage (D:5)
  An ogre (D:4)
  A wyvern zombie (D:5)
  A water moccasin skeleton (D:4)
  2 hounds (D:4)
  An iguana (D:4)
  Ijyb (D:2)
  Natasha (thrice) (D:2)
  4 worker ants
  5 adders
  5 gnolls
  4 giant geckos
  2 orcs (D:3)
  5 giant cockroaches
  6 hobgoblins
  3 jackals
  8 kobolds
  A quokka (D:2)
  4 bats
  A giant gecko skeleton (D:4)
  4 giant newts
  7 goblins
  A jackal skeleton (D:4)
  10 rats
82 creatures vanquished.

Vanquished Creatures (collateral kills)
  An ogre (D:5)
  A crocodile (Sewer)
  A scorpion (D:5)
  A crimson imp (D:5)
  A worker ant (D:5)
  A worker ant zombie (D:5)
  A gnoll (D:5)
  A worm (D:4)
  A giant gecko (D:5)
  3 giant cockroaches (D:5)
  A hobgoblin (D:4)
  A jackal (Sewer)
14 creatures vanquished.

Grand Total: 96 creatures vanquished

Notes
Turn   | Place    | Note
-------+----------+-------------------------------------------
     0 | D:1      | matakusis the Demonspawn Gladiator began the quest for the Orb.
     0 | D:1      | Reached XP level 1. HP: 16/16 MP: 1/1
   282 | D:1      | Gained mutation: You are partially covered in iridescent scales. (AC +4) [demonic ancestry]
   282 | D:1      | Reached XP level 2. HP: 19/23 MP: 2/2
   567 | D:1      | Reached skill level 3 in Dodging
   982 | D:2      | Noticed Natasha
   983 | D:2      | Noticed Ijyb
   998 | D:2      | You fall through a shaft!
  1359 | D:2      | Noticed a crimson imp
  1362 | D:2      | Killed Natasha
  1362 | D:2      | Reached XP level 3. HP: 14/28 MP: 3/3
  1555 | D:2      | Killed Ijyb
  1555 | D:2      | Reached XP level 4. HP: 28/34 MP: 4/4
  1792 | D:2      | Noticed Natasha
  1807 | D:2      | Killed Natasha
  1807 | D:2      | Reached skill level 4 in Dodging
  1851 | D:2      | Noticed Natasha
  1856 | D:2      | Killed Natasha
  2130 | D:2      | Reached XP level 5. HP: 41/41 MP: 5/5
  2851 | D:3      | Found an oddly glowing altar of Pakellas.
  2851 | D:3      | Found Pakellas's Prime Provisions.
  3003 | D:4      | Found a shadowy altar of Dithmenos.
  3069 | D:4      | Noticed an ogre
  3150 | D:4      | Killed an ogre
  3150 | D:4      | Reached skill level 5 in Dodging
  3150 | D:4      | Gained mutation: When hurt, damage is shared between your health and your magic reserves. [demonic ancestry]
  3150 | D:4      | Reached XP level 6. HP: 8/48 MP: 6/6
  3832 | D:4      | Noticed Sigmund
  3845 | D:4      | Reached skill level 1 in Spellcasting
  3862 | D:4      | HP: 1/48 [something (12)]
  3863 | D:4      | Killed Sigmund
  3863 | D:4      | Reached skill level 1 in Shields
  3863 | D:4      | Gained mutation: You regenerate magic rapidly. [demonic ancestry]
  3863 | D:4      | Reached XP level 7. HP: 2/54 MP: 1/9
  4445 | D:4      | Found a staircase to the Ecumenical Temple.
  4460 | Temple   | Entered the Ecumenical Temple
  4550 | Temple   | Became a worshipper of Hepliaklqana
  4722 | D:4      | Gained mutation: You are weak. (Str -2) [potion of mutation]
  4722 | D:4      | Gained mutation: You have sharp toenails. [potion of mutation]
  4722 | D:4      | Gained mutation: You are dopey. (Int -2) [potion of mutation]
  4740 | D:5      | Entered Level 5 of the Dungeon
  4742 | D:5      | Noticed an angel
  4745 | D:5      | Found a glowing silver altar of Zin.
  4783 | D:5      | Found a shimmering altar of Xom.
  4809 | D:5      | Reached skill level 6 in Dodging
  4829 | D:5      | Found a glowing drain.
  4846 | Sewer    | Entered a sewer
  4924 | Sewer    | Reached XP level 8. HP: 4/61 MP: 1/11
  5261 | D:5      | Reached skill level 5 in Fighting
  5376 | D:5      | HP: 3/62 [ice beast (2)]
  5376 | D:5      | Slain by an ice beast

Vault maps used:
D:1:      evilmike_arrival_rings, grunt_decor_one_mirror
D:2:      first_bread, minmay_pentomino_p4, uniq_natasha, uniq_iyjb
D:3:      johnstein_pakellas_shop
D:4:      nicolae_dithmenos_shadow_blocks, minivault_27, uniq_sigmund
D:5:      grunt_temple_overflow_order_and_chaos_1,
          gammafunk_temple_overflow_forgotten, gup_sewer_entry_pipe,
          grunt_qazlal_sundering
Temple:   regret_index_temple_waves
Sewer:    sewer_the_crocodile

Skill      XL: |  1  2  3  4  5  6  7  8 |
---------------+-------------------------+-----
Dodging        | 3 4 5 6 |  6.1
Long Blades    | 3 4 |  4.5
Fighting       | 3 4 5 |  5.1
Spellcasting   | 1 2 |  2.5
Shields        | 1 2 |  2.2
Throwing       | |  1.7

Action                   |  1- 3 |  4- 6 |  7- 9 || total
-------------------------+-------+-------+-------++-------
Melee: Long sword        |   109 |   286 |   149 ||   544
       Kick              |       |       |    47 ||    47
Throw: Throwing net      |     3 |     3 |       ||     6
Invok: Recall Ancestor   |       |       |     3 ||     3
  Use: Scroll            |       |       |    10 ||    10
       Potion            |       |       |     4 ||     4
 Stab: Sleeping          |       |     1 |     1 ||     2
       Held in net/web   |       |     1 |       ||     1
       Distracted        |       |       |     4 ||     4
  Eat: Chunk             |     1 |     8 |     4 ||    13
       Meat ration       |       |       |     1 ||     1
Armor: Leather armour    |    24 |    60 |    31 ||   115
Dodge: Dodged            |    59 |   164 |    98 ||   321
Block: Large shield      |       |    26 |     8 ||    34
